 Dungeon Crawl Stone Soup version 0.29.0-4-gdea44cf6ec (webtiles) character file.

Game seed: 12280233265886928548

119 qw the Chopper (level 5, -2/30 HPs)
             Began as a Tengu Warper on Aug 28, 2022.
             Slain by Grinder (8 damage)
             ... on level 4 of the Dungeon.
             The game lasted 00:00:19 (3971 turns).

qw the Chopper (Tengu Warper)                       Turns: 3971, Time: 00:00:20

Health: -2/30      AC:  9    Str: 14    XL:     5   Next: 3%
Magic:  9/9        EV:  7    Int: 13    God:
Gold:   148        SH:  0    Dex: 13    Spells: 8/8 levels left

rFire   . . .      SeeInvis .   Y - +1 hand axe
rCold   . . .      Faith    .   (no shield)
rNeg    . . .      Spirit   .   a - +0 chain mail
rPois   .          Reflect  .   (helmet restricted)
rElec   .          Harm     .   (no cloak)
rCorr   .          Rampage  .   j - +0 pair of gloves
Will    .....                   (boots unavailable)
Stlth   ..........              (no amulet)
HPRegen 0.10/turn               (no ring)
MPRegen 0.11/turn               (no ring)

@: flying quickly and evasively, quick
A: beak, talons 3, nimble flight
a: no special abilities


You were on level 4 of the Dungeon.
You visited 1 branch of the dungeon, and saw 4 of its levels.

You collected 220 gold pieces.
You spent 72 gold pieces at shops.


Innate Abilities, Weirdness & Mutations

You have a beak for a mouth.
You have claws for feet.
Your magical nature lets you fly swiftly and evasively.


   Skills:
 - Level 2.0 Fighting
 - Level 5.3 Axes
 - Level 1.0 Throwing
 + Level 1.8 Armour
 - Level 2.1 Dodging
 - Level 2.0 Spellcasting
 - Level 2.4 Translocations


You had 8 spell levels left.
You didn't know any spells.
Your spell library contained the following spells:

 Spells                   Type           Power      Damage    Failure   Level
 Blink                    Tloc           14%        N/A       98%         2
 Gell's Gravitas          Tloc           7%         N/A       100%        3
 Lesser Beckoning         Tloc           7%         N/A       100%        3
 Teleport Other           Tloc           7%         N/A       100%        3
 Manifold Assault         Tloc           7%         N/A       100%        5

Inventory:

Hand Weapons
 g - a +2 mace of protection
 Y - a +1 hand axe (weapon)
Armour
 a - a +0 chain mail (worn)
 j - a +0 pair of gloves (worn)
Scrolls
 e - a scroll of identify
Potions
 b - a potion of curing
 c - a potion of mutation

Dungeon Overview and Level Annotations

Branches:
Dungeon (4/15)
 Temple: D:4-7

Altars:
Hepliaklqana
Ru

Shops:
D:1 ??

Annotations:
D:4 Eustachio, Grinder


Message History

You barely miss the orc. The adder closely misses you.
The orc hits you but does no damage.
You hit the adder.
The adder is almost dead.
You hit the orc.
You kill the orc!
The adder bites you but does no damage.
Grinder says, "DUCK!"
The adder bites you but does no damage.
You hit the adder.
You kill the adder!
You hit the orc. The orc hits you but does no damage.
Grinder blinks!
You hit the orc.
You kill the orc!
You closely miss the goblin. The goblin hits you but does no damage.
You have reached level 5!
Your magical nature develops, letting you fly swiftly and evasively.
You hit the goblin.
You kill the goblin!
You hit the orc. The orc barely misses you.
You hit the orc.
You kill the orc!
Found a robe.
Grinder hits you.
You writhe in agony.
Things that are here:
a +0 club; a goblin corpse; an adder corpse You hit Grinder.
Grinder is lightly wounded.
An orc comes into view.
It is wielding a +0 flail of protection.
Grinder barely misses you.
You hit Grinder. Your peck misses Grinder.
Grinder is lightly wounded.
Grinder barely misses you.
You hit Grinder. Your kick misses Grinder.
Grinder is moderately wounded.
Grinder hits you!
You die...

.. #. #. #.
#.##
#.###..###.#.#
#......5...[..
#@# #.# #
###.###o#.#####
.oo@o..<.......
###.###########


You could see Grinder and an orc.

Vanquished Creatures
  4 adders
  3 worms
  3 orcs (D:4)
  A ball python (D:2)
  2 bats
  9 endoplasms
  3 giant cockroaches
  8 goblins
  6 hobgoblins
  6 jackals
  7 kobolds
  2 quokkas (D:1)
  A frilled lizard (D:1)
  9 rats
64 creatures vanquished.

Notes
Turn   | Place    | Note
-------+----------+-------------------------------------------
     0 | D:1      | qw the Tengu Warper began the quest for the Orb.
     0 | D:1      | Reached XP level 1. HP: 12/12 MP: 4/4
     0 | D:1      | 0 ||| qw: Version: 0.1-a-89-g26bdef1
     0 | D:1      | 0 ||| qw: Game counter: 2356
     0 | D:1      | 0 ||| qw: Always use a shield: true
     0 | D:1      | 0 ||| qw: God list: Okawaru
     0 | D:1      | 0 ||| qw: Allow faded altars: false
     0 | D:1      | 0 ||| qw: Do Orc after D:15 true
     0 | D:1      | 0 ||| qw: Do second Lair branch before Depths: true
     0 | D:1      | 0 ||| qw: Lair rune preference: random
     0 | D:1      | 0 ||| qw: Plans: Normal
     0 | D:1      | 0 ||| PLANNING D:1-11
   100 | D:1      | 100 ||| READING scroll labelled OLYDDE PYVVO.
   169 | D:1      | 169 ||| Stepping ~*~*~tactically~*~*~ (stealth).
   180 | D:1      | Reached XP level 2. HP: 11/17 MP: 6/6
   304 | D:1      | Reached skill level 3 in Axes
   308 | D:1      | 308 ||| Stepping ~*~*~tactically~*~*~ (stealth).
   465 | D:1      | Found Afasung's Magic Scroll Shop.
   471 | D:1      | Found Imuazxi's Magic Scroll Shoppe.
   474 | D:1      | 474 ||| BUYING scroll of identify (24 gold).
   474 | D:1      | Bought a scroll of identify for 24 gold pieces
   474 | D:1      | 474 ||| BUYING scroll of identify (24 gold).
   474 | D:1      | Bought a scroll of identify for 24 gold pieces
   481 | D:1      | 481 ||| SHOPLISTING scroll of enchant armour (90 gold, have
                  | 26).
   481 | D:1      | 481 ||| SHOPLISTING scroll of enchant weapon (90 gold, have
                  | 26).
   481 | D:1      | 481 ||| BUYING scroll of identify (24 gold).
   481 | D:1      | Bought a scroll of identify for 24 gold pieces
   481 | D:1      | 481 ||| SHOPLISTING scroll of identify (24 gold, have 2).
   481 | D:1      | 481 ||| SHOPLISTING scroll of teleportation (36 gold, have
                  | 2).
   592 | D:1      | 592 ||| DROPPING +0 club.
   998 | D:1      | 998 ||| READING 4 scrolls of identify.
   998 | D:1      | 998 ||| IDENTIFYING sedimented ruby potion
   999 | D:1      | 999 ||| READING 3 scrolls of identify.
   999 | D:1      | 999 ||| IDENTIFYING emerald potion
  1000 | D:1      | 1000 ||| DROPPING scroll of blinking.
  1001 | D:1      | 1001 ||| DROPPING potion of brilliance.
  1002 | D:1      | 1002 ||| DROPPING potion of lignification.
  1003 | D:1      | 1003 ||| READING scroll of teleportation.
  1005 | D:1      | Found a faded altar of an unknown god.
  1150 | D:1      | Reached XP level 3. HP: 21/21 MP: 7/7
  1201 | D:1      | 1201 ||| Stepping ~*~*~tactically~*~*~ (stealth).
  1378 | D:1      | 1378 ||| UPGRADING to +0 chain mail.
  1388 | D:1      | 1388 ||| DROPPING +0 leather armour.
  1577 | D:2      | Reached skill level 4 in Axes
  1725 | D:2      | 1725 ||| Stepping ~*~*~tactically~*~*~ (stealth).
  1726 | D:2      | 1726 ||| Stepping ~*~*~tactically~*~*~ (stealth).
  1790 | D:2      | Found a sacrificial altar of Ru.
  2271 | D:2      | 2271 ||| READING scroll labelled TANYFEUDEU.
  2272 | D:2      | 2272 ||| READING 3 scrolls labelled OBBAMU PYDIAB.
  2273 | D:2      | 2273 ||| READING 4 scrolls of identify.
  2273 | D:2      | 2273 ||| IDENTIFYING coppery potion
  2274 | D:2      | 2274 ||| READING 3 scrolls of identify.
  2274 | D:2      | 2274 ||| IDENTIFYING lumpy purple potion
  2275 | D:2      | 2275 ||| DROPPING 2 scrolls of fog.
  2338 | D:2      | 2338 ||| Stepping randomly (stuck).
  2447 | D:2      | Identified the +5 trident "Vuitidud" {drain, Dex+3}
  2679 | D:3      | Reached XP level 4. HP: 25/26 MP: 8/8
  2879 | D:3      | Found a hazy altar of Hepliaklqana.
  3051 | D:3      | Reached skill level 5 in Axes
  3889 | D:3      | 3889 ||| UPGRADING to +0 pair of gloves.
  3894 | D:3      | 3894 ||| READING scroll labelled QUUGOETINE.
  3895 | D:3      | 3895 ||| READING scroll labelled HEQIXZ IFURENU.
  3896 | D:3      | 3896 ||| READING scroll labelled IRUAGG HOARA.
  3897 | D:3      | 3897 ||| READING 3 scrolls of identify.
  3897 | D:3      | 3897 ||| IDENTIFYING puce potion
  3898 | D:3      | 3898 ||| READING 2 scrolls of identify.
  3898 | D:3      | 3898 ||| IDENTIFYING sedimented inky potion
  3899 | D:3      | 3899 ||| DROPPING potion of ambrosia.
  3900 | D:3      | 3900 ||| DROPPING potion of flight.
  3952 | D:4      | Noticed Eustachio
  3953 | D:4      | 3953 ||| Stepping ~*~*~tactically~*~*~ (stealth).
  3954 | D:4      | 3954 ||| Stepping ~*~*~tactically~*~*~ (stealth).
  3954 | D:4      | Noticed Grinder
  3966 | D:4      | Gained mutation: Your magical nature lets you fly swiftly
                  | and evasively. [Tengu growth]
  3966 | D:4      | Reached XP level 5. HP: 16/30 MP: 9/9
  3968 | D:4      | HP: 5/30 [Grinder (5)]
  3971 | D:4      | Slain by Grinder

Levels and vault maps discovered:
D:1:      denvon_arrival_waterhouse, layout_basic, serial_co_window_serial,
          co_window_cross_1, co_window_corner_a, co_window_paths_a,
          co_window_paths_a, co_window_paths_a, co_window_corner_a,
          co_window_2corner, co_window_paths_c, co_window_corner_b,
          co_window_unsneaky_path_c, co_window_paths_d, glass_columns_b,
          serial_shops, shop, nicolae_shop_advertising_works
          [nicolae_subvault_shop_adworks], ebering_ecumenical_altar_sacrificial,
          chequers_jeans
D:2:      layout_basic, basic_altar
D:3:      layout_loops_corners, lemuel_doored_altar, dk_noncrumbling_2
D:4:      layout_loops_ring, minmay_misc_feat_square, minmay_misc_feat_plants,
          uniq_natasha, uniq_blork_the_orc, uniq_grinder, uniq_eustachio,
          uniq_menkaure

Skill      XL: |  1  2  3  4 |
---------------+-------------+-----
Axes           | 3 4 5 |  5.3
Fighting       | |  2.0
Throwing       | |  1.0
Armour         | |  1.8
Dodging        | |  2.1
Spellcasting   | |  2.0
Translocations | |  2.4

Action                   |  1- 3 |  4- 6 || total
-------------------------+-------+-------++-------
Melee: Hand axe          |    86 |    79 ||   165
       Kick              |    21 |    15 ||    36
       Peck              |     5 |    11 ||    16
Throw: Boomerang         |     7 |       ||     7
  Use: Scroll            |     8 |     5 ||    13
Armor: Leather armour    |     7 |       ||     7
       Chain mail        |    19 |    38 ||    57
Dodge: Dodged            |    26 |    21 ||    47

Table legend:
 A = Non-vault XP
 B = Vault XP
 C = Vault XP percentage of total XP
 D = Non-vault monster count
 E = Vault monster count
 F = Vault count percentage of total count
                 A         B        C        D         E       F
            +---------+---------+-------+---------+---------+-------
      Total |     170 |       0 |   0.0 |      64 |       0 |   0.0
            +---------+---------+-------+---------+---------+-------
        D:1 |      38 |       0 |   0.0 |      20 |       0 |   0.0
        D:2 |      33 |       0 |   0.0 |      17 |       0 |   0.0
        D:3 |      75 |       0 |   0.0 |      22 |       0 |   0.0
        D:4 |      24 |       0 |   0.0 |       5 |       0 |   0.0
            +---------+---------+-------+---------+---------+-------
